 Dungeon Crawl Stone Soup version 0.14.0-15-g6b16f67 (webtiles) character file.

272 Kejsarherre the Magician (level 5, 0/31 HPs)
             Began as an Octopode Ice Elementalist on Apr 18, 2014.
             Slain by an orc
             ... wielding a +0,+0 club
              (5 damage)
             ... on Level 4 of the Dungeon.
             The game lasted 00:05:26 (2562 turns).

Kejsarherre the Magician (OpIE)                     Turns: 2562, Time: 00:05:26

HP   0/31        AC  1     Str  8      XL: 5   Next: 32%
MP   8/13        EV 12     Int 18      God:
Gold 122         SH  0     Dex 12      Spells:  2 memorised,  9 levels left

rFire  . . .     SeeInvis .     f - +1 whip (elec)
rCold  . . .     Clarity  .     (no shield)
rNeg   . . .     Conserve .     (helmet restricted)
rPois  .         rCorr    .     l - amulet of resist mutation {unknown}
rElec  .         rRot     .     (no ring)
SustAb . .       Spirit   .     (no ring)
rMut   +         Warding  .     (no ring)
Saprov . . .     Stasis   .     (no ring)
MR     .....                    (no ring)
                                (no ring)
                                (no ring)
                                (no ring)

@: very slightly contaminated, not resistant to hostile enchantments, quite
stealthy
A: almost no armour, amphibious, 8 rings, constrict 8, camouflage 1, gelatinous
body 1
a: no special abilities


You were on level 4 of the Dungeon.
You were not hungry.

You visited 1 branch of the dungeon, and saw 4 of its levels.

You collected 122 gold pieces.

Inventory:

Hand weapons
 f - a +1,+1 whip of electrocution (weapon)
Magical devices
 k - a wand of magic darts (14)
Comestibles
 c - 2 bread rations
 m - a pear
Scrolls
 a - 5 scrolls of identify {unknown}
 d - a scroll of random uselessness {unknown}
 e - a scroll of recharging {unknown}
 h - 2 scrolls of teleportation {unknown}
 j - a scroll of enchant weapon II {unknown}
Jewellery
 l - an amulet of resist mutation (around mantle) {unknown}
Potions
 g - a potion of restore abilities {unknown}
 i - a potion of heal wounds {unknown}
Books
 b - a book of Frost

   Spells                             Type                      Level
   *Freeze                            Ice                          1
   *Throw Frost                       Conjuration/Ice              2
   Ozocubu's Armour                   Charms/Ice                   3
   Throw Icicle                       Conjuration/Ice              4
   Summon Ice Beast                   Ice/Summoning                4
   Condensation Shield                Ice                          4


   Skills:
 - Level 2.0 Dodging
 - Level 2.6 Stealth
 - Level 4.4 Spellcasting
 + Level 2.2 Conjurations
 + Level 3.2 Ice Magic


You had 9 spell levels left.
You knew the following spells:

 Your Spells              Type           Power        Failure   Level  Hunger
a - Freeze                Ice            ###.         4%          1    None
b - Throw Frost           Conj/Ice       ##....       10%         2    #......


Dungeon Overview and Level Annotations

Branches:
Dungeon (4/15)             Temple (0/1) D:4

Altars:
Makhleb
Xom


Innate Abilities, Weirdness & Mutations

You cannot wear most types of armour.
You are amphibious.
You can wear up to eight rings at the same time.
You can use your tentacles to constrict many enemies at once.
Your skin changes colour to match your surroundings (Stlth).
Your rubbery body absorbs attacks (AC +1).


Message History

Press: ? - help, Shift-Dir - straight line, f/p - orc priest
Aim: an orc priest (lightly wounded)
The puff of frost hits the orc priest.
The orc priest is severely wounded.
An orc comes into view. It is wielding a club.
You hit the orc priest. Your grab misses the orc priest.
The orc priest is almost dead.
The orc priest calls down the wrath of Beogh upon you.
Something smites you!
Casting: Throw Frost
Confirm with . or Enter, or press ? or * to list all spells.
Aiming: Freeze
Press: ? - help, Shift-Dir - straight line, f/p - orc priest
Aim: an orc priest (almost dead)
You miscast Freeze.
You are very lightly contaminated with residual magic.
Nothing appears to happen.
The orc priest hits you.
* * * LOW HITPOINT WARNING * * *
The orc closely misses you. The orc hits you with a club.
You die...

#.#...##..#.#.#
#.#...##..#.#. #
#.#...# ..# #.
#)#...# .#
#..#..#..# .
##.##.##.## #
####.........#..#
.................
##.#..⌠.@.⌠..##..
#...ooo...#
.....!.>.......
..#..oo..(..#.. .
#..⌠.o.⌠..# #
.....o.......
#...[.....#
#%##.##.# ..#


You could see an orc priest, an orc wizard and 5 orcs.

Vanquished Creatures
  A worker ant (D:3)
  4 adders
  2 giant mites
  2 worms (D:2)
  2 giant geckos
  2 orcs (D:4)
  5 goblins
  6 hobgoblins
  9 kobolds
  A quokka (D:2)
  6 bats
  A giant newt (D:3)
  12 jackals
  8 rats
61 creatures vanquished.

Notes
Turn   | Place    | Note
--------------------------------------------------------------
     0 | D:1      | Kejsarherre, the Octopode Ice Elementalist, began the quest for the Orb.
     0 | D:1      | Reached XP level 1. HP: 11/11 MP: 3/3
   453 | D:1      | Reached XP level 2. HP: 17/17 MP: 3/5
  1014 | D:2      | Found a shimmering altar of Xom.
  1163 | D:2      | Reached XP level 3. HP: 9/21 MP: 2/8
  1706 | D:2      | Found a shimmering altar of Xom.
  1706 | D:2      | Found a shimmering altar of Xom.
  1714 | D:2      | Reached XP level 4. HP: 21/27 MP: 10/10
  1722 | D:2      | Found a shimmering altar of Xom.
  1732 | D:2      | You fall through a shaft!
  1747 | D:3      | Reached skill level 4 in Spellcasting
  2140 | D:3      | Learned a level 2 spell: Throw Frost
  2313 | D:3      | Reached XP level 5. HP: 25/31 MP: 8/13
  2496 | D:3      | Found a burning altar of Makhleb.
  2544 | D:4      | Found a staircase to the Ecumenical Temple.
  2562 | D:4      | Slain by an orc

Action                   |  1- 3 |  4- 6 || total
-------------------------+-------+-------++-------
Melee: Unarmed           |    35 |     9 ||    44
       Whip              |       |    42 ||    42
 Cast: Freeze            |    46 |    21 ||    67
       Throw Frost       |       |    10 ||    10
Evoke: Wand              |       |     1 ||     1
  Use: Potion            |       |     1 ||     1
 Stab: Sleeping          |       |     3 ||     3
